 Dungeon Crawl Stone Soup version 0.32-a0-673-g3729bd50f8 (webtiles) character file.

Game seed: 10106259635562416010

30 seaoflcl the Trooper (level 3, 0/29 HPs)
             Began as a Human Fighter on Mar 11, 2024.
             Was an Initiate of Ru.
             Slain by an adder (2 damage)
             ... on level 2 of the Dungeon.
             The game lasted 00:01:30 (890 turns).

seaoflcl the Trooper (Human Fighter)                 Turns: 890, Time: 00:01:30

Health: 0/29       AC:  6    Str: 18    XL:     3   Next: 18%
Magic:  3/3        EV:  9    Int:  8    God:    Ru [......]
Gold:   20         SH:  9    Dex: 12    Spells: 2/2 levels left

rFire   . . .        a - +0 long sword
rCold   . . .        c - +0 buckler
rNeg    . . .        b - +0 scale mail
rPois   .            (no helmet)
rElec   .            (no cloak)
rCorr   .            (no gloves)
SInv    .            (no boots)
Will    .....        j - amulet of reflection Stlth
                     f - ring of flight
HPRegen 0.24/turn    (no ring)
MPRegen 0.08/turn

%: reflection
@: mighty, flying
A: explore regen
a: Renounce Religion


You were on level 2 of the Dungeon.
You worshipped Ru.
Ru was noncommittal.
You visited 1 branch of the dungeon, and saw 2 of its levels.

You collected 20 gold pieces.

Inventory:

Hand Weapons
 a - a +0 long sword (weapon)
Armour
 b - a +0 scale mail (worn)
 c - a +0 buckler (worn)
Jewellery
 f - a ring of flight (left hand)
 j - an amulet of reflection (around neck)
Scrolls
 e - a scroll of poison {unknown}
 g - a scroll of torment {unknown}
 h - a scroll of revelation {unknown}
 i - a scroll of fog {unknown}
Potions
 l - a potion of attraction {unknown}


   Skills:
 + Level 3.3 Fighting
 + Level 2.4 Long Blades
 + Level 3.3 Armour
 + Level 3.3 Shields


You had 2 spell levels left.
You didn't know any spells.
Your spell library was empty.

Dungeon Overview and Level Annotations

Branches:
Dungeon (2/15)

Altars:
Ru


Innate Abilities, Weirdness & Mutations

You regain HP and MP as you explore.


Message History

The adder closely misses you. The ribbon worm closely misses you.
You barely miss the adder.
The adder is severely wounded.
You feel sick. The adder bites you but does no damage.
You block the adder's attack. The ribbon worm bites you.
You hit the adder but do no damage.
The adder is severely wounded.
You feel sick. The adder barely misses you.
The adder bites you but does no damage. The ribbon worm barely misses you.
You barely miss the adder.
The adder is severely wounded.
You feel sick. The adder bites you.
The ribbon worm expels a string of sticky webbing.
The stream of webbing misses you.
You barely miss the adder.
The adder is severely wounded.
You feel sick. The adder bites you but does no damage.
A ribbon worm comes into view.
The adder bites you but does no damage. The ribbon worm bites you.
* * * LOW HITPOINT WARNING * * *
You feel very mighty all of a sudden.
You feel sick. You block the adder's attack.
You miss the adder.
The adder is severely wounded.
You feel sick.
You are no longer poisoned.
You block the adder's attack. The ribbon worm barely misses you.
The adder bites you but does no damage.
The ribbon worm bites you but does no damage.
You slash the ribbon worm!
The ribbon worm is severely wounded.
You block the adder's attack. The adder bites you.
* * * LOW HITPOINT WARNING * * *
The ribbon worm bites you.
* * * LOW HITPOINT WARNING * * *
You slash the ribbon worm!
You kill the ribbon worm!
The adder bites you.
You die...
Ru respects your ultimate sacrifice.

... #### ...
....##.#
#...#.#
...$.. ...#
###.####
#..r)@.#
#.#.##S#
..........
...#.#.####.#
... #...# .#
#. . ... # #
#..... # ....


You could see an adder and a rat.

Vanquished Creatures
  A dart slug (D:2)
  A ribbon worm (D:2)
  A bat (D:1)
  3 endoplasms (D:1)
  2 goblins (D:1)
  4 hobgoblins
  3 jackals (D:1)
  2 quokkas (D:1)
  2 ball pythons (D:1)
  2 frilled lizards (D:1)
  4 kobolds
25 creatures vanquished.

Notes
Turn   | Place    | Note
-------+----------+-------------------------------------------
     0 | D:1      | seaoflcl the Human Fighter began the quest for the Orb.
     0 | D:1      | Reached XP level 1. HP: 18/18 MP: 1/1
   262 | D:1      | Reached XP level 2. HP: 18/24 MP: 2/2
   508 | D:1      | Reached XP level 3. HP: 16/29 MP: 3/3
   840 | D:1      | Found a sacrificial altar of Ru.
   848 | D:1      | Became a worshipper of Ru the Awakened
   890 | D:2      | Slain by an adder

Illustrated notes

Levels and vault maps discovered:
D:1:      dpeg_arrival_lava_altar, layout_loops_ring
D:2:      layout_basic, basic_ecumenical_altar

Action                     || total
---------------------------++-------
  Melee: Long sword        ||    84
    Use: Potion            ||     2
 Armour: Scale mail        ||    93
  Dodge: Dodged            ||    45
  Block: Buckler           ||    37

Table legend: (Time is in decaauts)
 A = Elapsed time spent in this place.
 B = Non-inter-level travel time spent in this place.
 C = Inter-level travel time spent in this place.
 D = Time resting spent in this place.
 E = Time spent auto-exploring this place.
 F = Levels seen in this place.
 G = Mean time per level.
                   A        B        C        D        E       F      G
               +--------+--------+--------+--------+--------+-----+--------+
         Total |    916 |    898 |     18 |    138 |    566 |   2 |  458.0 |
       Dungeon |    916 |    898 |     18 |    138 |    566 |   2 |  458.0 |
               +--------+--------+--------+--------+--------+-----+--------+

Top non-repeatable levels by time:
     D:1: 868 daAuts
     D:2: 47 daAuts
